 Dungeon Crawl Stone Soup version 0.30-a0-1066-g63dfefce0d (webtiles) character file.

Game seed: 12660465471962831167

158 voltaire321 the Digger (level 5, 0/34 HPs)
             Began as an Octopode Earth Elementalist on Apr 12, 2023.
             Succumbed to a scorpion's poison
             ... on level 4 of the Dungeon.
             The game lasted 00:06:40 (2463 turns).

voltaire321 the Digger (OpEE)                       Turns: 2463, Time: 00:06:40

Health: 0/34       AC:  1    Str:  9    XL:     5   Next: 40%
Magic:  6/9        EV: 13    Int: 18    God:
Gold:   179        SH:  5    Dex: 12    Spells: 3/9 levels left

rFire   . . .      SeeInvis .    k - +3 whip
rCold   . . .      Faith    .    (no shield)
rNeg    . . .      Spirit   .    (helmet restricted)
rPois   .          Reflect  +    j - amulet of reflection
rElec   .          Rampage  .    (no ring)
rCorr   .                        (no ring)
Will    .....                    (no ring)
Stlth   +++                      (no ring)
HPRegen 0.25/turn                (no ring)
MPRegen 0.11/turn                (no ring)
                                 (no ring)
                                 (no ring)

@: lethally poisoned (0 -> -9), flying
A: almost no armour, amphibious, 8 rings, camouflage 1, gelatinous body 1,
(nimble swimmer 1), tentacles
a: no special abilities


You were on level 4 of the Dungeon.
You visited 1 branch of the dungeon, and saw 4 of its levels.

You collected 179 gold pieces.

Inventory:

Hand Weapons
 b - a +0 long sword
 k - a +3 whip (weapon)
 l - a +0 rapier
 p - a +1 dagger of venom
Jewellery
 j - an amulet of reflection (around mantle)
 o - an amulet of faith
Wands
 n - a wand of iceblast (4)
Scrolls
 e - 2 scrolls of blinking {unknown}
 f - 4 scrolls of identify {unknown}
 g - a scroll of fear {unknown}
 h - 4 scrolls of noise {unknown}
 i - a scroll of vulnerability {unknown}
 m - 2 scrolls of poison {unknown}
Potions
 a - 4 potions of magic
 c - 2 potions of heal wounds {unknown}
 d - 2 potions of flight


   Skills:
 + Level 1.7 Fighting
 + Level 2.9 Dodging
 - Level 2.6 Stealth
 + Level 2.7 Spellcasting
 + Level 1.5 Conjurations
 - Level 2.0 Transmutations
 + Level 3.7 Earth Magic


You had 3 spell levels left.
You knew the following spells:

 Your Spells              Type           Power      Damage    Failure   Level
a - Sandblast             Erth           30%        2d9       3%          1
b - Stone Arrow           Conj/Erth      22%        3d8       17%         3
c - Passwall              Tmut/Erth      10%        N/A       8%          2

Your spell library contained the following spells:

 Spells                   Type           Power      Damage    Failure   Level
 Summon Small Mammal      Summ           8%         N/A       17%         1
 Call Canine Familiar     Summ           2%         N/A       45%         3
 Summon Guardian Golem    Hex/Summ       2%         N/A       45%         3
 Petrify                  Tmut/Erth      12%        N/A       45%         4


Dungeon Overview and Level Annotations

Branches:
Dungeon (4/15)
 Temple: D:4-7

Altars:

Shops:
D:4 *[


Innate Abilities, Weirdness & Mutations

You cannot wear most types of armour.
You are amphibious.
You can wear up to eight rings at the same time.
Your skin changes colour to match your surroundings (Stealth+).
Your rubbery body absorbs attacks. (AC +1, EV +1)
((You are camouflaged when in or above water. (Stealth+)))
You have tentacles for arms and can constrict up to eight enemies at once.


Message History

The goblin hits you with a +0 dagger. The iguana closely misses you.
You hit the goblin. Your grab misses the goblin.
Your squeeze misses the goblin.
The goblin is severely wounded.
You constrict the iguana, but do no damage.
The goblin completely misses you. The iguana bites you!
You hit the goblin.
You kill the goblin!
You constrict the iguana. The iguana completely misses you.
The scorpion barely misses you.
You hit the scorpion. You grab the scorpion.
The scorpion is moderately wounded.
You constrict the scorpion, but do no damage.
You constrict the iguana. The iguana misses you. The scorpion stings you.
Aiming: Sandblast (safe; 3% risk of failure)
Press: ? - help, Q - select action, (/) - cycle Shift-Dir - straight line, f - iguana
Aim: an iguana (almost dead, constricted by you, 100% to hit)
The blast of sand hits the iguana but does no damage.
The iguana is almost dead.
You constrict the scorpion, but do no damage.
You constrict the iguana, but do no damage.
You block the iguana's attack. The scorpion stings you.
* * * LOW HITPOINT WARNING * * *
You block the iguana's attack. The scorpion stings you.
* * * LOW HITPOINT WARNING * * *
You are lethally poisoned!
The scorpion poisons you!
Aiming: Sandblast (safe; 3% risk of failure)
Press: ? - help, Q - select action, (/) - cycle Shift-Dir - straight line, f/p - iguana
Aim: an iguana (almost dead, constricted by you, 100% to hit)
The blast of sand hits the iguana.
You kill the iguana!
You constrict the scorpion, but do no damage.
* * * LOW HITPOINT WARNING * * *
You feel very sick. The scorpion closely misses you.
The scorpion barely misses you.
It was a potion of flight.
You feel very buoyant.
You fly up into the air.
You constrict the scorpion.
You die...

+.∩...#....#.... ..
####'###<.......
#.#+####...###.#.###..
.....+......#...#⌠#..
#....#......#...###..
#.#..###..###8.......
.#.#.....##..##....#....
......s#......<.........
#gs@................
#.###...+##..######. ..
#.#..##..# ...
#..........S?# ##.
.............# ..
#.............# .
.......∩......#
.#.............#
##.......##..#


You could see 2 scorpions and a goblin.

Vanquished Creatures
  An iguana (D:4)
  5 adders (D:2)
  A worm (D:2)
  2 dart slugs
  An orc (D:3)
  6 endoplasms
  3 giant cockroaches
  7 goblins
  7 hobgoblins
  4 jackals (D:3)
  8 kobolds
  6 quokkas
  6 ball pythons
  9 bats
  2 frilled lizards (D:3)
  6 rats
74 creatures vanquished.

Notes
Turn   | Place    | Note
-------+----------+-------------------------------------------
     0 | D:1      | voltaire321 the Octopode Earth Elementalist began the quest
                  | for the Orb.
     0 | D:1      | Reached XP level 1. HP: 11/11 MP: 3/3
   193 | D:1      | Reached XP level 2. HP: 18/18 MP: 1/5
   478 | D:1      | Reached XP level 3. HP: 22/22 MP: 6/6
   484 | D:1      | Learned a level 3 spell: Stone Arrow
   487 | D:1      | Learned a level 2 spell: Passwall
   661 | D:2      | Reached skill level 1 in Fighting
   821 | D:2      | Reached XP level 4. HP: 28/28 MP: 5/7
  1020 | D:2      | Reached skill level 1 in Conjurations
  1700 | D:3      | Reached XP level 5. HP: 33/33 MP: 4/8
  1890 | D:3      | Found a faded altar of an unknown god.
  2419 | D:4      | Found Lacvapnu's Assorted Antiques.
  2419 | D:4      | Found Niditur's Antique Armour Shoppe.
  2435 | D:4      | Found Tal Caih's Assorted Antiques.
  2462 | D:4      | HP: 1/33 [poisoned by a scorpion]
  2463 | D:4      | Succumbed to a scorpion's poison

Illustrated notes

Levels and vault maps discovered:
D:1:      lightli_arrival_chessboard, layout_loops_ring
D:2:      layout_basic, grunt_decor_mini_mirrors, kennysheep_generic_room_12
D:3:      layout_loops_ring, hellmonk_ecumenical_altar_heavens_door,
          st_stairs_6, kennysheep_generic_room_8
D:4:      layout_gridville, good_gods_mini_temple, serial_shops, shop, shop,
          shop_statue, shop, serial_glass, glass_columns_a, glass_columns_a,
          minmay_strange_pillars, due_unseen_surprise, feat_on_display,
          feat_on_display, minmay_fractal_squares_5

Skill      XL: |  1  2  3  4 |
---------------+-------------+-----
Fighting       | 1 |  1.7
Conjurations   | 1 |  1.5
Transmutations | 2 |  2.0
Dodging        | |  2.9
Stealth        | |  2.6
Spellcasting   | |  2.7
Earth Magic    | |  3.7

Action                     |  1- 3 |  4- 6 || total
---------------------------+-------+-------++-------
  Melee: Long sword        |    28 |     3 ||    31
         Tentacles         |     4 |     6 ||    10
         Constrict         |     5 |    10 ||    15
         Whip              |       |    24 ||    24
         Punch             |       |     1 ||     1
   Cast: Sandblast         |    14 |    46 ||    60
    Use: Potion            |       |     1 ||     1
   Stab: Sleeping          |     5 |     5 ||    10
 Armour: Skin              |     9 |     1 ||    10
  Dodge: Dodged            |    13 |    15 ||    28
  Block: Other             |       |     7 ||     7

Table legend: (Time is in decaauts)
 A = Elapsed time spent in this place.
 B = Non-inter-level travel time spent in this place.
 C = Inter-level travel time spent in this place.
 D = Time resting spent in this place.
 E = Time spent auto-exploring this place.
 F = Levels seen in this place.
 G = Mean time per level.
                   A        B        C        D        E       F      G
               +--------+--------+--------+--------+--------+-----+--------+
         Total |   2506 |   2418 |     88 |    240 |   1520 |   4 |  626.5 |
       Dungeon |   2506 |   2418 |     88 |    240 |   1520 |   4 |  626.5 |
               +--------+--------+--------+--------+--------+-----+--------+

Top non-repeatable levels by time:
     D:2: 978 daAuts
     D:3: 819 daAuts
     D:1: 661 daAuts
     D:4: 46 daAuts
